 Dungeon Crawl Stone Soup version 0.18-a0-1430-g9c1b2fb (webtiles) character file.

25 Geeful the Firebug (level 2, 20/20 HPs)
             Began as a Draconian Fire Elementalist on Feb 27, 2016.
             Got out of the dungeon alive.
             The game lasted 00:06:11 (1362 turns).

Geeful the Firebug (Draconian Fire Elementalist)    Turns: 1362, Time: 00:06:12

Health: 20/20      AC:  5    Str: 10    XL:     2   Next: 86%
Magic:  5/5        EV: 12    Int: 15    God:
Gold:   86         SH:  0    Dex: 11    Spells: 1 memorised, 4 levels left

rFire  . . .     SeeInvis .     j - +0 dagger
rCold  . . .     Gourm    .     (armour unavailable)
rNeg   + . .     Faith    .     (no shield)
rPois  .         Spirit   .     (helmet restricted)
rElec  .         Dismiss  .     (no cloak)
rCorr  .         Reflect  .     (no gloves)
SustAt .         Harm     .     e - +0 pair of boots
MR     .....                    (no amulet)
Stlth  ++........               (no ring)
                                l - ring of positive energy

@: not resistant to hostile enchantments, unstealthy
A: unfitting armour, cold-blooded, AC +4
a: no special abilities


You escaped.
You were not hungry.

You visited 1 branch of the dungeon, and saw 1 of its levels.

You collected 86 gold pieces.

Inventory:

Hand Weapons
 g - a +0 club
 j - a +0 dagger (weapon)
Missiles
 o - 11 stones (quivered)
Armour
 e - a +0 pair of boots (worn)
Jewellery
 l - a ring of positive energy (left hand)
Scrolls
 k - a scroll of remove curse {unknown}
 m - a scroll of recharging {unknown}
 n - a scroll of teleportation {unknown}
Potions
 d - a potion of ambrosia {unknown}
 i - a potion of might {unknown}
Books
 a - a book of Flames

   Spells                             Type                      Level
   a - Flame Tongue                   Conjuration/Fire             1
   b - Throw Flame                    Conjuration/Fire             2
   c - Conjure Flame                  Conjuration/Fire             3
   d - Inner Flame                    Hexes/Fire                   3
   e - Sticky Flame                   Conjuration/Fire             4
   f - Fireball                       Conjuration/Fire             5
Comestibles
 b - 2 bread rations
 c - 3 chunks of flesh
 f - a slice of pizza
 h - 5 fruits


   Skills:
 - Level 1.7 Dodging
 - Level 1.7 Stealth
 + Level 2.2 Spellcasting
 + Level 2.0 Conjurations
 + Level 3.5 Fire Magic


You had 4 spell levels left.
You knew the following spells:

 Your Spells              Type           Power        Failure   Level  Hunger
a - Flame Tongue          Conj/Fire      #....        10%         1    #......


Dungeon Overview and Level Annotations

Branches:
Dungeon (1/15)

Altars:


Innate Abilities, Weirdness & Mutations

Your plain brown scales are hard (AC +4).
Your body does not fit into most forms of armour.
You are cold-blooded and may be slowed by cold attacks.


Message History

You kill the hobgoblin!
You start resting.
Your magical contamination has completely faded away.
You start resting.
Magic restored.
Things that are here:
a club; a hobgoblin corpse You butcher the hobgoblin corpse.
c - 4 chunks of flesh You see here a club.
Eating one of 4 chunks of flesh.
This raw flesh tastes terrible.
You continue eating. x2
HP restored.
Done exploring.
Done exploring.
You open the door.
There is an open door here.
There is a staircase leading out of the dungeon here.
Are you sure you want to leave the Dungeon?
This will make you lose the game!
You have escaped!

#
#.##.##............'..........
##
#.##.##............###.#######
.# #.##.##.############ #.# ##
.# #.##.##.# #.# #. .#
#.##.##.# #.# #.
.###.##.##.##############.# #.
..##.##.##..............#.# #.
#.##.##.###############.#.# #.
#.##.##.# ♣P♣P≈.@# #.#.# #.
#.##.##.#♣♣≈.....# #.#.# #.
#.##.##.+.....P♣≈# #.#.# #.
#.##.#[.#P♣.P♣♣♣♣# #.#.######.
#..#.#'####'### #.#........
##....(.......# #.#########
#............# #.#
##...........# #.#########
#...........# #.......†..


There were no monsters in sight!

Vanquished Creatures
  A dart slug (D:1)
  A giant gecko (D:1)
  A giant cockroach (D:1)
  2 goblins (D:1)
  6 hobgoblins (D:1)
  2 ball pythons (D:1)
  3 bats (D:1)
  A giant newt (D:1)
  2 kobolds (D:1)
  2 rats (D:1)
21 creatures vanquished.

Notes
Turn   | Place    | Note
--------------------------------------------------------------
     0 | D:1      | Geeful the Draconian Fire Elementalist began the quest for the Orb.
     0 | D:1      | Reached XP level 1. HP: 14/14 MP: 3/3
   407 | D:1      | Reached XP level 2. HP: 20/20 MP: 1/5
  1362 | D:$      | Got out of the dungeon alive.

Vault maps used:
D:1:      tarquinn_simple_flora_water_f, minmay_misc_feat_pillars

Skill      XL: |  1  2 |
---------------+-------+-----
Conjurations   | 2 |  2.0
Dodging        | |  1.7
Stealth        | |  1.7
Spellcasting   | |  2.2
Fire Magic     | |  3.5

Action                   || total
-------------------------++-------
Melee: Dagger            ||    35
 Cast: Flame Tongue      ||    24
 Stab: Sleeping          ||     2
  Eat: Chunk             ||     2
